 Dungeon Crawl Stone Soup version 0.30-a0-726-gd89dcf765f (webtiles) character file.

Game seed: 3190575778351635620

394 Bnni the Vexing (level 7, -21/51 HPs)
             Began as a Formicid Hexslinger on Jan 29, 2023.
             Demolished by an ogre
             ... wielding a +0 giant club
              (30 damage)
             ... on level 5 of the Dungeon.
             The game lasted 00:07:23 (3501 turns).

Bnni the Vexing (Formicid Hexslinger)               Turns: 3501, Time: 00:07:23

Health: -21/51     AC:  3    Str: 14    XL:     7   Next: 8%
Magic:  9/10       EV: 12    Int: 15    God:
Gold:   280        SH:  7    Dex: 14    Spells: 6/10 levels left

rFire   + . .      SeeInvis +    a - +1 sling
rCold   . . .      Faith    .    p - +2 buckler
rNeg    . . .      Spirit   .    c - +0 robe
rPois   .          Reflect  .    (helmet unavailable)
rElec   .          Harm     .    (no cloak)
rCorr   .          Rampage  .    h - +0 pair of gloves
Will    .....                    (no boots)
Stlth   +                        (no amulet)
HPRegen 0.28/turn                m - ring of protection from fire
MPRegen 0.12/turn                (no ring)

@: no status effects
A: permanent stasis, dig shafts and tunnels, antennae 3, four strong arms
a: Dig, Shaft Self


You were on level 5 of the Dungeon.
You visited 1 branch of the dungeon, and saw 5 of its levels.

You collected 280 gold pieces.

Inventory:

Hand Weapons
 a - a +1 sling (weapon)
Missiles
 y - 5 poisoned darts
Armour
 c - a +0 robe (worn)
 h - a +0 pair of gloves (worn)
 p - a +2 buckler (worn)
Jewellery
 m - a ring of protection from fire (left hand)
Scrolls
 b - a scroll of poison
 d - 3 scrolls of fog {unknown}
 e - 2 scrolls of enchant armour {unknown}
 g - a scroll of enchant weapon {unknown}
 r - a scroll of brand weapon {unknown}
 t - 2 scrolls of identify {unknown}
 u - a scroll of torment {unknown}
 v - a scroll of immolation {unknown}
 w - 2 scrolls of noise {unknown}
 x - 2 scrolls of vulnerability {unknown}
Potions
 f - 2 potions of curing {unknown}
 i - a potion of heal wounds {unknown}
 j - 2 potions of mutation {unknown}
 k - 2 potions of invisibility {unknown}
 l - a potion of flight {unknown}
 n - a potion of magic {unknown}
 o - a potion of degeneration {unknown}
 q - a potion of might {unknown}
 s - 2 potions of resistance {unknown}
 z - a potion of berserk rage {unknown}


   Skills:
 + Level 2.4 Fighting
 * Level 3.8 Ranged Weapons
 - Level 1.7 Dodging
 * Level 3.1 Shields
 + Level 2.3 Spellcasting
 + Level 4.8 Hexes
 * Level 2.9 Fire Magic


You had 6 spell levels left.
You knew the following spells:

 Your Spells              Type           Power      Damage    Failure   Level
a - Slow                  Hex            64%        N/A       3%          1
b - Inner Flame           Hex/Fire       13%        N/A       16%         3

Your spell library contained the following spells:

 Spells                   Type           Power      Damage    Failure   Level
 Portal Projectile        Hex/Tloc       18%        N/A       28%         3
 Cause Fear               Hex            8%         N/A       34%         4


Dungeon Overview and Level Annotations

Branches:
Dungeon (5/15)
 Temple: D:4-7

Altars:

Shops:
D:2 *   D:5 :

Annotations:
D:5 2 runed translucent doors, jehirs's ghost, novice TrFi


Innate Abilities, Weirdness & Mutations

You cannot be hasted, slowed, berserked, paralysed or teleported.
You can dig through walls and to a lower floor.
You have a pair of large antennae on your head. (SInv)
Your four strong arms can wield two-handed weapons with a shield.


Message History

Fire: a) +1 sling
Press: ? - help, Shift-Dir - straight line, f/p - ogre
Aim: an ogre, wielding a +0 giant club (heavily wounded, slow, 74% to hit)
You shoot a sling bullet. The sling bullet hits the ogre!
The ogre is severely wounded.
Fire: a) +1 sling
Press: ? - help, Shift-Dir - straight line, f/p - ogre
Aim: an ogre, wielding a +0 giant club (severely wounded, slow, 74% to hit)
You shoot a sling bullet.
The sling bullet barely misses the ogre.
The ogre hits you with a +0 giant club!
* * * LOW HITPOINT WARNING * * *
Fire: a) +1 sling
Press: ? - help, Shift-Dir - straight line, f/p - ogre
Aim: an ogre, wielding a +0 giant club (severely wounded, slow, 74% to hit)
You shoot a sling bullet. The sling bullet hits the ogre.
The ogre is severely wounded.
Fire: a) +1 sling
Press: ? - help, Shift-Dir - straight line, f/p - ogre
Aim: an ogre, wielding a +0 giant club (severely wounded, slow, 74% to hit)
You shoot a sling bullet.
The sling bullet hits the ogre but does no damage.
The ogre is severely wounded.
The ogre completely misses you.
Okay, then.
You aren't carrying any items that you can evoke.
Unknown command.
Okay, then.
You enter the shallow water.
Moving in this stuff is going to be slow.
The ogre is no longer moving slowly.
The ogre attacks as you move away! The ogre closely misses you.
Fire: a) +1 sling
Press: ? - help, Shift-Dir - straight line, f/p - ogre
Aim: an ogre, wielding a +0 giant club (severely wounded, 74% to hit)
You shoot a sling bullet. The sling bullet hits the ogre.
The ogre is almost dead.
The ogre hits you with a +0 giant club!!
Ouch! That really hurt!
You die...

.# #.# ##. .# #.#
#..{ .# #.# #.{ .#
## ###.### .###
###~#.#~###
...###.~b#.#.~.##
#..##~~~l#..~~..#
#.###~.###.###.O##
#.##...#.....#~~@#
#..###~#.....#####
#....#.#...........
#.####~#.....#######
#.##~..#.....#bbb#
#.###.~###.###..##
...##~~.l#.#.~.P#
######~..#.#.~.##
###.#.#~###


You could see an ogre and 3 bats.

Vanquished Creatures
  A water moccasin (D:5)
  A necrophage (D:5)
  2 hounds (D:4)
  An iguana (D:5)
  3 gnolls (D:2)
  5 adders
  A worm (D:3)
  3 dart slugs
  An orc (D:4)
  5 ball pythons
  6 endoplasms
  2 giant cockroaches
  5 goblins
  6 hobgoblins
  8 jackals
  2 quokkas
  2 bats
  5 frilled lizards
  5 kobolds (D:1)
  6 rats
70 creatures vanquished.

Vanquished Creatures (others)
  17 fungi (D:5)
17 creatures vanquished.

Grand Total: 87 creatures vanquished

Notes
Turn   | Place    | Note
-------+----------+-------------------------------------------
     0 | D:1      | Bnni the Formicid Hexslinger began the quest for the Orb.
     0 | D:1      | Reached XP level 1. HP: 15/15 MP: 2/2
   189 | D:1      | Reached XP level 2. HP: 21/21 MP: 3/3
   573 | D:1      | Reached skill level 4 in Hexes
   631 | D:1      | Reached XP level 3. HP: 26/26 MP: 5/5
   638 | D:1      | Reached skill level 1 in Fire Magic
   652 | D:1      | Learned a level 3 spell: Inner Flame
  1222 | D:2      | Reached XP level 4. HP: 32/32 MP: 6/6
  1516 | D:2      | Reached skill level 1 in Shields
  1703 | D:2      | Reached XP level 5. HP: 30/38 MP: 7/7
  1834 | D:2      | Found Warr's Assorted Antiques.
  2817 | D:4      | Reached XP level 6. HP: 24/44 MP: 8/8
  3116 | D:5      | Entered Level 5 of the Dungeon
  3116 | D:5      | Found a runed translucent door.
  3208 | D:5      | Noticed jehirs's ghost (novice TrFi)
  3305 | D:5      | Found a runed translucent door.
  3350 | D:5      | Found Xuyciwn's Book Emporium.
  3437 | D:5      | Noticed a water moccasin
  3447 | D:5      | Killed a water moccasin
  3448 | D:5      | Reached XP level 7. HP: 19/51 MP: 3/10
  3501 | D:5      | Demolished by an ogre

Illustrated notes

Levels and vault maps discovered:
D:1:      tarquinn_simple_flora_water_d, layout_basic, st_stairs_6,
          minmay_misc_feat_room
D:2:      layout_loops_corners, serial_shops, shop, minmay_crystal_water
D:3:      layout_basic
D:4:      layout_rooms
D:5:      layout_loops_ring, serial_aquarium, aquarium_bridge_square
          [aquarium_subvault_bridge, aquarium_subvault_wall,
          aquarium_subvault_bridge, aquarium_subvault_balcony],
          aquarium_bridge_island_small [aquarium_subvault_small_open,
          aquarium_subvault_bridge, aquarium_subvault_bridge,
          aquarium_subvault_balcony, aquarium_subvault_bridge],
          aquarium_window_corner, aquarium_window_1, aquarium_window_1,
          aquarium_window_2, aquarium_view_2c, aquarium_balcony_3b,
          aquarium_pool_1, ebering_ghost_sewer_f, serial_shops, shop_coins,
          nicolae_square_shop, shop, kennysheep_mini_moat

Skill      XL: |  1  2  3  4  5  6 |
---------------+-------------------+-----
Hexes          | 4 |  4.8
Fire Magic     | 1 2 |  2.9
Shields        | 1 2 3 |  3.1
Ranged Weapons | 3 |  3.8
Fighting       | 2 |  2.4
Spellcasting   | 2 |  2.3
Dodging        | |  1.7

Action                     |  1- 3 |  4- 6 |  7- 9 || total
---------------------------+-------+-------+-------++-------
   Fire: Sling             |   132 |   172 |     8 ||   312
   Cast: Inner Flame       |       |     3 |       ||     3
         Slow              |       |     4 |     1 ||     5
Ability: Dig               |       |     1 |       ||     1
    Use: Scroll            |       |     1 |       ||     1
 Armour: Robe              |    34 |    15 |       ||    49
  Dodge: Dodged            |    81 |    43 |     3 ||   127
  Block: Buckler           |       |    27 |       ||    27

Table legend: (Time is in decaauts)
 A = Elapsed time spent in this place.
 B = Non-inter-level travel time spent in this place.
 C = Inter-level travel time spent in this place.
 D = Time resting spent in this place.
 E = Time spent auto-exploring this place.
 F = Levels seen in this place.
 G = Mean time per level.
                   A        B        C        D        E       F      G
               +--------+--------+--------+--------+--------+-----+--------+
         Total |   3586 |   3546 |     40 |     66 |   2835 |   5 |  717.2 |
       Dungeon |   3586 |   3546 |     40 |     66 |   2835 |   5 |  717.2 |
               +--------+--------+--------+--------+--------+-----+--------+

Top non-repeatable levels by time:
     D:2: 1141 daAuts
     D:1: 783 daAuts
     D:3: 731 daAuts
     D:4: 532 daAuts
     D:5: 398 daAuts
